 Dungeon Crawl Stone Soup version 0.26.0-41-g79a4fc7684 (webtiles) character file.

Game seed: 6714187641747833030

214 thiole the Sneak (level 5, -2/31 HPs)
             Began as an Octopode Hedge Wizard on Jan 26, 2021.
             Slain by a river rat (9 damage)
             ... on level 4 of the Dungeon.
             The game lasted 00:04:18 (3990 turns).

thiole the Sneak (Octopode Hedge Wizard)            Turns: 3990, Time: 00:04:18

Health: -2/31      AC:  1    Str: 10    XL:     5   Next: 92%
Magic:  1/11       EV: 13    Int: 17    God:
Gold:   213        SH:  0    Dex: 11    Spells: 4/12 levels left

rFire    . . .     SeeInvis .   a - +0 dagger
rCold    . . .     Faith    .   (no shield)
rNeg     . . .     Spirit   .   b - +0 hat
rPois    .         Reflect  .   m - amulet of regeneration
rElec    .         Harm     .   (no ring)
rCorr    .         Rampage  .   (no ring)
Will     .....                  (no ring)
Stlth    ++++......             (no ring)
HPRegen  0.50/turn              (no ring)
MPRegen  0.12/turn              (no ring)
                                (no ring)
                                (no ring)

@: no status effects
A: almost no armour, stealthy swim, amphibious, 8 rings, constrict 8, camouflage
1, gelatinous body 1
a: no special abilities


You were on level 4 of the Dungeon.
You visited 1 branch of the dungeon, and saw 4 of its levels.

You collected 213 gold pieces.

Inventory:

Hand Weapons
 a - a +0 dagger (weapon)
Missiles
 j - 8 atropa-tipped darts
 k - 100 stones
 n - 23 sling bullets
Armour
 b - a +0 hat (worn)
Jewellery
 m - an amulet of regeneration (around mantle)
Scrolls
 c - 6 scrolls of identify {unknown}
 f - 3 scrolls of teleportation {unknown}
 g - 2 scrolls of magic mapping {unknown}
 o - a scroll of blinking {unknown}
 p - a scroll of remove curse {unknown}
 q - a scroll of noise {unknown}
Potions
 d - a potion of magic {unknown}
 e - a potion of haste {unknown}
 h - 2 potions of heal wounds
 i - 2 potions of might {unknown}
 l - a potion of attraction {unknown}
 r - a potion of mutation {unknown}
 s - a potion of berserk rage {unknown}


   Skills:
 - Level 2.0 Dodging
 - Level 5.0 Stealth
 - Level 4.0 Spellcasting
 - Level 2.0 Conjurations
 - Level 2.0 Summonings
 - Level 1.0 Translocations
 * Level 1.6 Air Magic
 - Level 2.0 Poison Magic


You had 4 spell levels left.
You knew the following spells:

 Your Spells              Type           Power        Failure   Level
a - Magic Dart            Conj           40%          7%          1
b - Call Imp              Summ           10%          11%         2
c - Blink                 Tloc           N/A          16%         2
d - Mephitic Cloud        Conj/Pois/Air  9%           22%         3

Your spell library contained the following spells:

 Spells                   Type           Power        Failure   Level
 Slow                     Hex            3%           24%         2
 Conjure Flame            Conj/Fire      6%           30%         3


Dungeon Overview and Level Annotations

Branches:
Dungeon (4/15)
 Temple: D:4-7

Altars:
Nemelex Xobeh


Innate Abilities, Weirdness & Mutations

You cannot wear most types of armour.
You are very stealthy in the water. (Stealth+)
You are amphibious.
You can wear up to eight rings at the same time.
You can use your tentacles to constrict eight enemies at once.
Your skin changes colour to match your surroundings (Stealth+).
Your rubbery body absorbs attacks. (AC +1, EV +1)


Message History

The river rat bites you!
* * * LOW HITPOINT WARNING * * *
You hit the river rat but do no damage. Your grab misses the river rat.
You squeeze the river rat.
The river rat is moderately wounded.
The river rat closely misses you.
You hit the river rat but do no damage. You grab the river rat.
The river rat is moderately wounded.
You constrict the river rat. The river rat bites you.
* * * LOW HITPOINT WARNING * * *
Casting: Magic Dart (safe; 7% risk of failure)
Confirm with . or Enter, or press ? or * to list all spells.
Aiming: Magic Dart (safe; 7% risk of failure)
Press: ? - help, Shift-Dir - straight line, f - river rat
Aim: a river rat (heavily wounded, constricted by you, 0% to evade)
The magic dart hits the river rat but does no damage.
The river rat is heavily wounded.
You constrict the river rat, but do no damage.
The river rat bites you!
You die...

#..≈≈≈≈≈
#....≈.
.../.
....
#..#
#..# #.#
##r#
#@.#
#†##
##)#
#..# ##
#.## .#
#.# .#
#.# .#
#.# .#
##†#


You could see a river rat.

Vanquished Creatures
  A centaur skeleton (D:4)
  8 adders
  2 worms
  4 dart slugs
  5 leopard geckos
  4 orcs (D:3)
  4 giant cockroaches
  4 goblins
  8 hobgoblins
  2 jackals (D:2)
  2 ball pythons (D:4)
  8 bats
  3 frilled lizards
  10 kobolds
  9 rats
74 creatures vanquished.

Vanquished Creatures (collateral kills)
  A centaur skeleton (D:4)
  A howler monkey skeleton (D:4)
  3 jackals (D:4)
5 creatures vanquished.

Grand Total: 79 creatures vanquished

Notes
Turn   | Place    | Note
-------+----------+-------------------------------------------
     0 | D:1      | thiole the Octopode Hedge Wizard began the quest for the
                  | Orb.
     0 | D:1      | Reached XP level 1. HP: 11/11 MP: 4/4
   424 | D:1      | Reached XP level 2. HP: 17/17 MP: 3/6
   561 | D:1      | Reached skill level 3 in Stealth
   725 | D:1      | Reached XP level 3. HP: 21/21 MP: 4/7
  1208 | D:2      | Learned a level 2 spell: Call Imp
  1211 | D:2      | Learned a level 2 spell: Blink
  1215 | D:2      | Learned a level 3 spell: Mephitic Cloud
  1234 | D:2      | Reached XP level 4. HP: 27/27 MP: 1/9
  1583 | D:2      | Reached skill level 4 in Stealth
  2504 | D:2      | Found a sparkling altar of Nemelex Xobeh.
  2516 | D:2      | Reached XP level 5. HP: 31/31 MP: 5/10
  3182 | D:3      | Reached skill level 5 in Stealth
  3877 | D:4      | Reached skill level 1 in Air Magic
  3877 | D:4      | Reached skill level 1 in Poison Magic
  3990 | D:4      | Slain by a river rat

Illustrated notes

Levels and vault maps discovered:
D:1:      sevenhm_arrival_forest_fort_large_2, layout_loops_ring
D:2:      minmay_alternating_diamond, layout_loops_ring, lemuel_tele_altar
D:3:      layout_basic
D:4:      layout_rooms, serial_shops, kennysheep_mini_moat, portal_sewer_entry_e

Skill      XL: |  1  2  3  4  5 |
---------------+----------------+-----
Stealth        | 3 4 5 |  5.0
Summonings     | 2 |  2.0
Conjurations   | 2 |  2.0
Spellcasting   | 4 |  4.0
Air Magic      | 1 |  1.6
Poison Magic   | 2 |  2.0
Dodging        | |  2.0
Translocations | |  1.0

Action                   |  1- 3 |  4- 6 || total
-------------------------+-------+-------++-------
Melee: Dagger            |    19 |    57 ||    76
       Constrict         |     5 |    14 ||    19
       Tentacles         |     1 |    10 ||    11
 Cast: Magic Dart        |    56 |   113 ||   169
       Call Imp          |       |     8 ||     8
 Stab: Distracted        |       |     1 ||     1
Armor: Skin              |       |     4 ||     4
Dodge: Dodged            |    13 |    46 ||    59
